 Dungeon Crawl Stone Soup version 0.29-a0-872-g797fff5ad1 (webtiles) character file.

Game seed: 14832239407452088807

1811 ertgterg the Covert (level 8, -6/27 HPs)
             Began as a Felid Enchanter on July 19, 2022.
             Killed by the air
             ... invoked by Gastronok
              (33 damage)
             ... on level 8 of the Dungeon.
             The game lasted 00:31:03 (14581 turns).

ertgterg the Covert (Felid Enchanter)              Turns: 14581, Time: 00:31:04

Health: -6/27      AC:  2    Str: 10    XL:     8   Next: 84%
Magic:  8/16       EV: 23    Int: 17    God:
Gold:   378        SH:  0    Dex: 16    Spells: 12/17 levels left
                                        Lives:  0   Deaths: 2

rFire   . . .      SeeInvis +     - Unarmed
rCold   . . .      Faith    .   (shield unavailable)
rNeg    . . .      Spirit   .   (body armour unavailable)
rPois   .          Reflect  .   (helmet unavailable)
rElec   .          Harm     .   (cloak unavailable)
rCorr   .          Rampage  .   (gloves unavailable)
Will    +....                   (boots unavailable)
Stlth   +++++.....              d - amulet of regeneration
HPRegen 0.89/turn               (no ring)
MPRegen 0.15/turn               (no ring)

@: quick
A: very small, claws 1, fangs 3, see invisible, speed 1, shaggy fur 2, stealthy
paws, no weapons or thrown items, no armour, multi-lived, frail 1, sense
surroundings 1, strong 1, wild magic 1
a: no special abilities


You were on level 8 of the Dungeon.
You visited 1 branch of the dungeon, and saw 8 of its levels.

You collected 378 gold pieces.

Inventory:

Jewellery
 d - an amulet of regeneration (around neck)
 l - a ring of fire
Scrolls
 a - a scroll of summoning {unknown}
 b - 4 scrolls of teleportation {unknown}
 c - a scroll of enchant armour {unknown}
 e - a scroll of immolation {unknown}
 f - 3 scrolls of magic mapping {unknown}
 g - a scroll of enchant weapon {unknown}
 i - 6 scrolls of fog {unknown}
 k - 2 scrolls of poison {unknown}
 o - a scroll of noise {unknown}
 p - 2 scrolls of amnesia {unknown}
 q - 4 scrolls of identify {unknown}
 r - 3 scrolls of fear {unknown}
Potions
 h - a potion of haste
 j - a potion of attraction
 m - a potion of resistance {unknown}
 n - a potion of brilliance
 s - 2 potions of magic {unknown}
 t - a potion of might {unknown}
 u - a potion of curing


   Skills:
 + Level 0.6 Fighting
 * Level 9.4 Dodging
 + Level 11.9 Stealth
 + Level 6.6 Unarmed Combat
 + Level 5.1 Spellcasting
 + Level 8.2 Hexes
 + Level 2.7 Ice Magic


You had 12 spell levels left.
You knew the following spells:

 Your Spells              Type           Power      Damage    Failure   Level
a - Ensorcelled Hibernat  Hex/Ice        58%        N/A       4%          2
b - Confusing Touch       Hex            41%        N/A       3%          3

Your spell library contained the following spells:

 Spells                   Type           Power      Damage    Failure   Level
 Tukima's Dance           Hex            41%        N/A       3%          3
 Dazzling Flash           Conj/Hex       46%        N/A       12%         3
 Gell's Gravitas          Tloc           5%         N/A       47%         3
 Lesser Beckoning         Tloc           5%         N/A       47%         3
 Teleport Other           Tloc           5%         N/A       47%         3
 Summon Mana Viper        Hex/Summ       23%        N/A       67%         5
 Summon Ice Beast         Ice/Summ       11%        N/A       71%         4
 Summon Forest            Summ/Tloc      2%         N/A       99%         5
 Eringya's Noxious Bog    Tmut/Pois      2%         N/A       100%        6
 Monstrous Menagerie      Summ           2%         N/A       100%        7
 Summon Hydra             Summ           2%         N/A       100%        7


Dungeon Overview and Level Annotations

Branches:
Dungeon (8/15)             Temple (0/1) D:6
   Lair: D:8-11

Altars:
Gozag
Vehumet
Yredelemnul

Shops:
D:8 ?

Annotations:
D:5 1 runed translucent door, capka3m's ghost, amateur TrMo
D:8 Gastronok


Innate Abilities, Weirdness & Mutations

You have sharp claws.
You have razor-sharp teeth.
You have supernaturally acute eyesight. (SInv)
You cover ground quickly. (Speed+)
You are covered in thick fur. (AC +2)
Your paws help you pounce on unaware monsters.
You are incapable of wielding weapons or throwing items.
You cannot wear armour.
You gain extra lives every three experience levels.
You are frail. (-10% HP)
You passively map a small area around you.
Your muscles are strong. (Str +4, Int/Dex -1)
Your spells are a little harder to cast, but a little more powerful.


Message History

Really walk into a travel-excluded area? [Y]es or [N]o only, please.
Really walk into a travel-excluded area? [Y]es or [N]o only, please.
Really walk into a travel-excluded area?
Found Kilipeaz's Magic Scroll Shoppe.
You pounce on the unaware helpless Gastronok!
You eviscerate Gastronok!!!
Gastronok is heavily wounded.
Casting: Ensorcelled Hibernation (safe; 4% risk of failure)
Confirm with . or Enter, or press ? or * to list all spells.
Aiming: Ensorcelled Hibernation (safe; 4% risk of failure)
Press: ? - help, Shift-Dir - straight line, f - Gastronok
Aim: Gastronok, wearing a +0 hat (heavily wounded, chance to affect: 13%) Gastronok resists with almost no effort.
Casting: Ensorcelled Hibernation (safe; 4% risk of failure)
Confirm with . or Enter, or press ? or * to list all spells.
Aiming: Ensorcelled Hibernation (safe; 4% risk of failure)
Press: ? - help, Shift-Dir - straight line, f/p - Gastronok
Aim: Gastronok, wearing a +0 hat (moderately wounded, chance to affect: 13%) Gastronok resists with almost no effort.
Casting: Ensorcelled Hibernation (safe; 4% risk of failure)
Confirm with . or Enter, or press ? or * to list all spells.
Aiming: Ensorcelled Hibernation (safe; 4% risk of failure)
Press: ? - help, Shift-Dir - straight line, f/p - Gastronok
Aim: Gastronok, wearing a +0 hat (moderately wounded, chance to affect: 13%) Gastronok resists with almost no effort.
Casting: Ensorcelled Hibernation (safe; 4% risk of failure)
Confirm with . or Enter, or press ? or * to list all spells.
Aiming: Ensorcelled Hibernation (safe; 4% risk of failure)
Press: ? - help, Shift-Dir - straight line, f/p - Gastronok
Aim: Gastronok, wearing a +0 hat (moderately wounded, chance to affect: 13%) Gastronok looks drowsy...
The helpless Gastronok fails to defend himself.
You eviscerate Gastronok!!!
Gastronok is almost dead.
Gastronok waves his eye-stalks in wide circles.
The air twists around and strikes you!!
Ouch! That really hurt!
You die...

####### ###
##.....######## ..#
#......w@.....# #.#
#.......#####.###########
..# #..###..#
#.......#...... ### #..
∩'..# #.....#.......#
#..###..# #....##...###.#
#......## #.#.......#....
######....#
#.#.###.#.#.#..
#......#.##
#.#.###(#.#.###
#.####.#.#
#.......#.#....


You could see Gastronok.

Vanquished Creatures
  A hornet (D:8)
  Grinder (D:5)
  5 yaks (D:8)
  A human (D:4)
  3 steam dragons
  A water moccasin (D:7)
  An orc warrior (D:8)
  3 sky beasts
  2 centaurs (D:8)
  2 phantoms
  A kobold brigand (D:6)
  2 bullfrogs
  2 gnoll sergeants
  A necrophage (D:7)
  4 scorpions
  8 wights
  2 howler monkeys
  3 jellies (D:6)
  A human zombie (D:4)
  2 hounds
  2 orc priests
  A gnoll bouda (D:6)
  Crazy Yiuf (D:3)
  3 iguanas
  An orc wizard (D:8)
  18 gnolls
  8 adders
  2 white imps
  2 worms
  2 dart slugs
  14 orcs
  5 bats
  5 endoplasms
  2 giant cockroaches
  10 goblins
  4 hobgoblins
  7 jackals
  3 quokkas
  7 ball pythons
  A frilled lizard (D:3)
  6 kobolds
  A kobold skeleton (D:4)
  A kobold zombie (D:4)
  A rat (D:1)
153 creatures vanquished.

Notes
Turn   | Place    | Note
-------+----------+-------------------------------------------
     0 | D:1      | ertgterg the Felid Enchanter began the quest for the Orb.
     0 | D:1      | Reached XP level 1. HP: 7/7 MP: 4/4
   350 | D:1      | You fall into a shaft and drop 1 floor!
   372 | D:2      | Found a faded altar of an unknown god.
   451 | D:2      | Reached XP level 2. HP: 8/11 MP: 6/6
   454 | D:2      | Learned a level 2 spell: Ensorcelled Hibernation
  1815 | D:2      | Reached XP level 3. HP: 14/14 MP: 0/7
  2322 | D:3      | Identified the +2 leather armour "Cipsymp" {*Slow rElec
                  | rCorr Str-5}
  2675 | D:4      | Found a runed translucent door.
  2675 | D:4      | Noticed a human
  2710 | D:3      | Reached skill level 5 in Stealth
  3024 | D:3      | Found an opulent altar of Gozag.
  3301 | D:3      | Reached XP level 4. HP: 18/18 MP: 3/8
  3722 | D:3      | Identified the +1 pair of boots "Atusuon" {rF- Str+3 Dex+2}
  3864 | D:3      | Found a runed translucent door.
  3865 | D:3      | Noticed Crazy Yiuf
  4088 | D:3      | Killed Crazy Yiuf
  4089 | D:3      | Reached XP level 5. HP: 21/21 MP: 9/9
  4198 | D:4      | Learned a level 3 spell: Confusing Touch
  4282 | D:4      | Found a basalt altar of Yredelemnul.
  4301 | D:4      | Reached skill level 6 in Stealth
  4588 | D:4      | Reached skill level 5 in Dodging
  4695 | D:4      | Killed a human
  4696 | D:4      | Gained mutation: You are covered in thick fur. (AC +2)
                  | [Felid growth]
  4696 | D:4      | Reached XP level 6. HP: 22/24 MP: 0/10
  5076 | D:4      | Reached skill level 7 in Stealth
  5166 | D:5      | Entered Level 5 of the Dungeon
  5407 | D:5      | Noticed capka3m's ghost (amateur TrMo)
  5414 | D:5      | Reached XP level 7. HP: 27/27 MP: 4/11
  5469 | D:5      | Found a runed translucent door.
  6230 | D:5      | Found a radiant altar of Vehumet.
  6533 | D:5      | Reached skill level 8 in Stealth
  6666 | D:5      | Noticed Grinder
  8038 | D:6      | Reached skill level 5 in Hexes
  8038 | D:6      | Reached XP level 8. HP: 27/31 MP: 9/12
  8110 | D:6      | Reached skill level 1 in Ice Magic
  8164 | D:6      | Reached skill level 5 in Unarmed Combat
  8191 | D:6      | Reached skill level 9 in Stealth
 10558 | D:6      | Found a staircase to the Ecumenical Temple.
 10939 | D:6      | Mangled by a wight
 10940 | D:6      | Reached XP level 7. HP: -6/22 MP: 11/13
 10984 | D:6      | Reached XP level 8. HP: 28/31 MP: 11/14
 11032 | D:6      | Reached skill level 10 in Stealth
 11429 | D:5      | Paralysed by Grinder for 4 turns
 11435 | D:5      | Gained mutation: You are frail. (-10% HP) [potion of
                  | mutation]
 11435 | D:5      | Gained mutation: You passively map a small area around you.
                  | [potion of mutation]
 11435 | D:5      | Gained mutation: Your muscles are strong. (Str +4, Int/Dex
                  | -1) [potion of mutation]
 11435 | D:5      | Gained mutation: Your spells are a little harder to cast,
                  | but a little more powerful. [potion of mutation]
 11441 | D:5      | Killed Grinder
 11549 | D:6      | HP: 1/26 [poisoned by a wight]
 11610 | D:6      | You fall into a shaft and drop 1 floor!
 11660 | D:7      | Identified the +0 pair of gloves "Tityudgh" {Slay+2}
 12466 | D:8      | Reached XP level 9. HP: 30/30 MP: 11/16
 12485 | D:8      | Reached skill level 11 in Stealth
 12644 | D:8      | Noticed Gastronok
 12784 | D:8      | Found a flagged portal.
 13035 | D:8      | Reached skill level 5 in Spellcasting
 14081 | D:8      | Slain by a gnoll sergeant
 14082 | D:8      | Reached XP level 8. HP: -5/27 MP: 12/16
 14568 | D:8      | Found Kilipeaz's Magic Scroll Shoppe.
 14581 | D:8      | Killed from afar by Gastronok

Illustrated notes

Levels and vault maps discovered:
D:1:      dreamdust_arrival_beginning_and_end, layout_rooms, nrook_campfire,
          minmay_misc_feat_x, serial_park_tiny_pond, grunt_decor_cap,
          hangedman_decor_riveting, minmay_misc_feat_rugged
D:2:      layout_basic, dreamdust_ecumenical_altar_grove
D:3:      layout_basic, mainiacjoe_overflow_24_doors, uniq_crazy_yiuf_cottage
D:4:      layout_cave_pools, dk_yredelemnul_ordeal, serial_column_ruins,
          column_ruins_open_medium_water, column_ruins_grid_1,
          column_ruins_columns_straight, column_ruins_grid_4,
          amcnicky_mini_corridor_feature, minivault_19, minmay_circle_x
D:5:      layout_basic, nicolae_vehumet_radiance,
          hellmonk_ghost_happy_afterlife, uniq_grinder
D:6:      layout_basic, minmay_temple_entry_offerings,
          wad_floor_pattern_untrapped
D:7:      layout_cave_pools
D:8:      layout_loops_corners, lightli_bailey_entry_fortress, serial_shops,
          kennysheep_mini_moat, uniq_gastronok

Skill      XL: |  1  2  3  4  5  6  7  8  9 |
---------------+----------------------------+-----
Dodging        | 3 4 5 6 7 8 9 |  9.4
Unarmed Combat | 2 3 4 6 |  6.6
Stealth        | 5 6 7 8 10 11 | 11.9
Hexes          | 5 7 8 |  8.2
Ice Magic      | 2 |  2.7
Spellcasting   | 4 5 |  5.1
Fighting       | |  0.6

Action                   |  1- 3 |  4- 6 |  7- 9 || total
-------------------------+-------+-------+-------++-------
Melee: Unarmed           |    96 |    55 |   235 ||   386
       Bite              |     5 |     8 |    19 ||    32
       Punch             |     2 |       |    12 ||    14
 Cast: Ensorcelled Hiber |    28 |    24 |   111 ||   163
       Confusing Touch   |       |     4 |    18 ||    22
  Use: Potion            |     3 |     1 |     9 ||    13
       Scroll            |     1 |       |       ||     1
 Stab: Sleeping          |    20 |    13 |    69 ||   102
       Invisible         |     1 |       |       ||     1
       Confused          |       |     3 |     9 ||    12
Armor: Skin              |     9 |     4 |    10 ||    23
Dodge: Dodged            |    93 |    62 |   201 ||   356

Table legend: (Time is in decaauts)
 A = Elapsed time spent in this place.
 B = Non-inter-level travel time spent in this place.
 C = Inter-level travel time spent in this place.
 D = Time resting spent in this place.
 E = Time spent auto-exploring this place.
 F = Levels seen in this place.
 G = Mean time per level.
                   A        B        C        D        E       F      G
               +--------+--------+--------+--------+--------+-----+--------+
         Total |  13280 |  12681 |    599 |   6317 |   4200 |   8 | 1660.0 |
       Dungeon |  13280 |  12681 |    599 |   6317 |   4200 |   8 | 1660.0 |
               +--------+--------+--------+--------+--------+-----+--------+

Top non-repeatable levels by time:
     D:6: 2781 daAuts
     D:5: 2135 daAuts
     D:8: 1935 daAuts
     D:4: 1888 daAuts
     D:3: 1546 daAuts
     D:1: 1124 daAuts
     D:2: 1080 daAuts
     D:7: 788 daAuts
